 Dungeon Crawl Stone Soup version 0.19-a0-1886-gd64a0f0 (webtiles) character file.

429 HEYYEYAAE the Digger (level 6, -1/52 HPs)
             Began as a Demigod Earth Elementalist on Oct 16, 2016.
             Succumbed to a scorpion's poison
             ... on level 4 of the Dungeon.
             The game lasted 00:05:39 (3587 turns).

HEYYEYAAE the Digger (Demigod Earth Elementalist)   Turns: 3587, Time: 00:05:39

Health: -1/52      AC:  6    Str: 11    XL:     6   Next: 38%
Magic:  9/22       EV: 13    Int: 23    God:
Gold:   233        SH:  0    Dex: 16    Spells: 2 memorised, 7 levels left

rFire  + . .     SeeInvis .     a - +1 hand axe (elec)
rCold  + . .     Gourm    .     l - +2 leather armour {rF+}
rNeg   . . .     Faith    .     (no shield)
rPois  .         Spirit   .     (helmet restricted)
rElec  .         Dismiss  .     g - +0 cloak
rCorr  .         Reflect  .     (no gloves)
MR     .....     Harm     .     (no boots)
Stlth  +.........               (no amulet)
                                y - ring of loudness (curse)
                                o - ring of magical power

@: lethally poisoned (-1 -> -19), very slightly contaminated
A: horns 1, talons 1, slimy green scales 1, blurry vision 1, cold resistance 1,
deformed body, high mp 1, robust 1, no device heal 1, subdued magic 1
a: no special abilities


You were on level 4 of the Dungeon.
You were not hungry.

You visited 1 branch of the dungeon, and saw 4 of its levels.

You collected 233 gold pieces.

Inventory:

Hand Weapons
 a - a +1 hand axe of electrocution (weapon)
Missiles
 b - 68 stones (quivered)
Armour
 f - a +4 scale mail
 g - a +0 cloak (worn)
 l - a +2 leather armour of fire resistance (worn)
 u - a +0 helmet
Magical Staves
 h - an uncursed staff of fire {unknown}
Jewellery
 o - a ring of magical power (left hand)
 y - a cursed ring of loudness (right hand)
Scrolls
 k - 2 scrolls of blinking {unknown}
 q - a scroll of remove curse {unknown}
 r - a scroll of enchant weapon {unknown}
 t - 2 scrolls of teleportation {unknown}
 w - a scroll of fear {unknown}
 x - a scroll of random uselessness {unknown}
Potions
 p - 2 potions of mutation
 s - a potion of cure mutation
Books
 e - a book of Geomancy

   Spells                             Type                      Level
   a - Sandblast                      Earth                        1
   b - Passwall                       Transmutation/Earth          2
   c - Stone Arrow                    Conjuration/Earth            3
   d - Petrify                        Transmutation/Earth          4
   e - Lee's Rapid Deconstruction     Earth                        5
Comestibles
 c - a slice of pizza
 d - 3 bread rations
 i - 3 chunks of flesh
 j - 3 meat rations
 m - a beef jerky


   Skills:
 + Level 1.9 Fighting
 + Level 2.2 Armour
 + Level 3.1 Dodging
 - Level 1.7 Stealth
 + Level 3.0 Spellcasting
   Level 0.8 Transmutations
 * Level 4.5 Earth Magic


You had 7 spell levels left.
You knew the following spells:

 Your Spells              Type           Power        Failure   Level  Hunger
a - Sandblast             Erth           ###...       1%          1    None
b - Stone Arrow           Conj/Erth      ##....       14%         3    ###....


Dungeon Overview and Level Annotations

Branches:
Dungeon (4/15)
 Temple: D:4-7

Annotations:
D:4 Blork the orc


Innate Abilities, Weirdness & Mutations

You have an increased reservoir of magic. (+10% MP)
You have a pair of small horns on your head.
You have sharp toenails.
You are partially covered in slimy green scales. (AC +2)
Scrolls take you a little longer to read.
Your flesh is cold resistant. (rC+)
Armour fits poorly on your strangely shaped body.
You are robust. (+10% HP)
Potions and wands are less effective at restoring your health.
Your spells are a little easier to cast, but a little less powerful.


Message History

Your connection to magic feels subdued.
Your system partially rejects artificial healing.
* * * LOW HITPOINT WARNING * * *
You feel sick.
You feel extremely strange.
Your toenails lengthen and sharpen.
You feel robust.
Your vision blurs.
* * * LOW HITPOINT WARNING * * *
You feel sick.
You feel extremely strange.
You feel robust.
Your body twists and deforms.
* * * LOW HITPOINT WARNING * * *
You feel sick.
You feel extremely strange. A pair of horns grows on your head!
Your +0 helmet falls away!
* * * LOW HITPOINT WARNING * * *
You feel sick.
You feel extremely strange.
You feel frail.
You feel resistant to cold.
You die...

#..####... # #..# .###
#... .. #.?.##### ..
......... ## ........#
### #.......# #..
#(......######## #.#
#......@†......#### #.#
#......#######....####.#
#...... ####.......
....... ##.....# .######
###..##### #.#####...##
# #.......### #.
######### #. #


There were no monsters in sight!

Vanquished Creatures
  The ghost of anet the Magician, an amateur DEWz (D:4)
  An ogre (D:4)
  A scorpion (D:4)
  An iguana (D:4)
  4 adders
  A dart slug (D:3)
  4 leopard geckos (D:1)
  6 orcs
  7 bats
  5 giant cockroaches
  3 goblins
  4 hobgoblins
  8 jackals
  13 kobolds
  A quokka (D:1)
  A ball python (D:2)
  8 rats
  A plant (D:1)
70 creatures vanquished.

Notes
Turn   | Place    | Note
-------+----------+-------------------------------------------
     0 | D:1      | HEYYEYAAE the Demigod Earth Elementalist began the quest for the Orb.
     0 | D:1      | Reached XP level 1. HP: 14/14 MP: 5/5
   524 | D:1      | Reached XP level 2. HP: 22/22 MP: 7/7
   569 | D:1      | Reached skill level 3 in Earth Magic
  1339 | D:1      | Reached XP level 3. HP: 9/27 MP: 8/8
  1812 | D:2      | Reached skill level 1 in Armour
  2373 | D:3      | Reached skill level 1 in Fighting
  2509 | D:3      | Found an iron altar of Okawaru.
  2554 | D:3      | Reached XP level 4. HP: 34/35 MP: 10/10
  2796 | D:4      | Noticed anet's ghost (amateur DEWz)
  2818 | D:4      | HP: 1/35 [anet's ghost (7)]
  2819 | D:4      | Killed anet's ghost
  2819 | D:4      | Reached skill level 4 in Earth Magic
  2819 | D:4      | Reached XP level 5. HP: 1/40 MP: 10/12
  3202 | D:4      | Noticed Blork the orc
  3301 | D:3      | Learned a level 3 spell: Stone Arrow
  3504 | D:4      | Noticed an ogre
  3508 | D:4      | Killed an ogre
  3508 | D:4      | Reached XP level 6. HP: 48/48 MP: 12/13
  3583 | D:4      | Gained mutation: You are partially covered in slimy green scales. (AC +2) [potion of mutation]
  3583 | D:4      | Gained mutation: Your spells are a little easier to cast, but a little less powerful. [potion of mutation]
  3583 | D:4      | Gained mutation: Potions and wands are less effective at restoring your health. [potion of mutation]
  3584 | D:4      | Gained mutation: You have sharp toenails. [potion of mutation]
  3584 | D:4      | Gained mutation: You are robust. (+10% HP) [potion of mutation]
  3584 | D:4      | Gained mutation: Scrolls take you a little longer to read. [potion of mutation]
  3585 | D:4      | Gained mutation: You are very robust. (+20% HP) [potion of mutation]
  3585 | D:4      | Gained mutation: Armour fits poorly on your strangely shaped body. [potion of mutation]
  3586 | D:4      | Gained mutation: You have a pair of small horns on your head. [potion of mutation]
  3586 | D:4      | HP: 1/57 [poisoned by a scorpion]
  3587 | D:4      | Lost mutation: You are very robust. (+20% HP) [potion of mutation]
  3587 | D:4      | Gained mutation: Your flesh is cold resistant. (rC+) [potion of mutation]
  3587 | D:4      | Succumbed to a scorpion's poison

Vault maps used:
D:1:      dpeg_arrival_central, lexackson_kobold_supper
D:2:      first_bread
D:3:      corner_web_ring, okawaru_trees_2
D:4:      nicolae_underground_beach, uniq_blork_the_orc

Skill      XL: |  1  2  3  4  5  6 |
---------------+-------------------+-----
Earth Magic    | 3 4 |  4.5
Spellcasting   | 2 3 |  3.0
Dodging        | 2 3 |  3.1
Armour         | 1 2 |  2.2
Fighting       | 1 |  1.9
Stealth        | |  1.7
Transmutations | |  0.8

Action                   |  1- 3 |  4- 6 || total
-------------------------+-------+-------++-------
Melee: Hand axe          |   128 |    39 ||   167
 Cast: Sandblast         |     1 |    11 ||    12
       Stone Arrow       |       |     7 ||     7
  Use: Scroll            |       |     4 ||     4
       Potion            |       |     8 ||     8
 Stab: Sleeping          |     5 |       ||     5
  Eat: Chunk             |     5 |     4 ||     9
Armor: Leather armour    |    39 |    14 ||    53
Dodge: Dodged            |   105 |    34 ||   139
